General information
- name: BNet
- type: Ladder team game (AT/RT)
- host: Battle.net
- saver: HereToKickAss
map: MarketSquare
- players: 8
- length: 18:04
- speed: Fast
- version: 1.27 W3XP
- replay type: Public
» download(118 KB)
Players
team 1 (winner)
Ventan (
orange | 65 APM | 1165 actions | 17:57)
6 Death Knight
3 Death Coil
2 Unholy Aura
1 Animate Dead
2 Crypt Lord
1 Spiked Carapace
1 Impale
» actions
| Assign group hotkey | 38 | |
| Basic commands | 55 | |
| Build / train | 47 | |
| Enter build submenu | 17 | |
| Enter hero's abilities submenu | 10 | |
| Remove unit from queue | 1 | |
| Right click | 454 | |
| Select / deselect | 160 | |
| Select group hotkey | 345 | |
| Use ability | 38 | |
1165 total
» units
| Acolyte | 3 | |
| Ghoul | 5 | |
| Frost Wyrm | 12 | |
20 total
» upgrades
| Creature Carapace | 3 | |
| Creature Attack | 3 | |
| Ghoul Frenzy | 1 | |
| Freezing Breath | 1 | |
8 total
» buildings
| Necropolis | 1 | |
| Halls of the Dead | 1 | |
| Graveyard | 1 | |
| Crypt | 1 | |
| Altar of Darkness | 1 | |
| Ziggurat | 8 | |
| Black Citadel | 3 | |
| Sacrificial Pit | 1 | |
| Boneyard | 2 | |
| Tomb of Relics | 1 | |
20 total
» build order
00:12 Necropolis
00:58 Halls of the Dead
01:05 Graveyard
01:53 Crypt
02:42 Altar of Darkness
03:16 Ziggurat
04:27 Black Citadel
04:27 Black Citadel
04:28 Black Citadel
04:34 Ziggurat
05:01 Sacrificial Pit
05:07 Ziggurat
05:37 Ziggurat
05:38 Ziggurat
06:52 Boneyard
06:55 Boneyard
07:57 Tomb of Relics
13:14 Ziggurat
13:16 Ziggurat
16:02 Ziggurat
kapex (
red | 84 APM | 1516 actions | 18:04)
4 Archmage
2 Blizzard
2 Brilliance Aura
3 Mountain King
2 Storm Bolt
1 Bash
1 Paladin
1 Holy Light
» actions
| Assign group hotkey | 13 | |
| Basic commands | 17 | |
| Build / train | 87 | |
| ESC pressed | 3 | |
| Enter build submenu | 33 | |
| Enter hero's abilities submenu | 11 | |
| Give item / drop item | 2 | |
| Right click | 344 | |
| Select / deselect | 284 | |
| Select group hotkey | 585 | |
| Use ability | 137 | |
1516 total
» units
| Peasant | 28 | |
| Dragonhawk Rider | 9 | |
37 total
» upgrades
| Lumber Harvesting | 1 | |
| Masonry | 2 | |
| Armor | 2 | |
| Cloud | 1 | |
| Swords | 1 | |
7 total
» buildings
| Altar of Kings | 1 | |
| Farm | 13 | |
| Scout Tower | 14 | |
| Lumber Mill | 1 | |
| Arcane Vault | 2 | |
| Town Hall | 1 | |
| Guard Tower | 6 | |
| Keep | 1 | |
| Blacksmith | 1 | |
| Gryphon Aviary | 2 | |
| Castle | 1 | |
43 total
» build order
00:24 Altar of Kings
00:26 Farm
00:56 Scout Tower
01:03 Farm
01:27 Lumber Mill
01:46 Arcane Vault
02:03 Farm
02:07 Farm
02:48 Farm
02:55 Farm
03:30 Scout Tower
03:33 Farm
05:27 Town Hall
05:31 Scout Tower
05:32 Scout Tower
05:32 Scout Tower
05:33 Scout Tower
05:38 Farm
06:00 Farm
06:35 Guard Tower
06:43 Guard Tower
06:46 Farm
07:05 Keep
07:27 Blacksmith
07:30 Farm
07:33 Guard Tower
07:34 Scout Tower
07:35 Scout Tower
07:35 Scout Tower
07:36 Scout Tower
07:37 Scout Tower
07:37 Scout Tower
08:07 Guard Tower
08:17 Farm
08:45 Farm
09:25 Scout Tower
09:25 Scout Tower
09:33 Gryphon Aviary
09:34 Gryphon Aviary
10:13 Guard Tower
10:15 Guard Tower
12:41 Castle
12:46 Arcane Vault
» items
| Scroll of Regeneration | 4 | |
| Lesser Clarity Potion | 3 | |
| Mechanical Critter | 3 | |
| Boots of Speed | 2 | |
| Periapt of Vitality | 2 | |
| Staff of Teleportation | 2 | |
| Potion of Invisibility | 3 | |
| Potion of Healing | 3 | |
| Staff of Sanctuary | 1 | |
| Orb of Fire | 1 | |
24 total
Trall_MIX (
green | 45 APM | 808 actions | 18:04)
6 Paladin
2 Devotion Aura
2 Holy Light
2 Divine Shield
» actions
| Build / train | 79 | |
| Enter build submenu | 34 | |
| Enter hero's abilities submenu | 6 | |
| Remove unit from queue | 2 | |
| Right click | 323 | |
| Select / deselect | 316 | |
| Use ability | 48 | |
808 total
» units
| Peasant | 22 | |
| Footman | 9 | |
| Priest | 3 | |
| Sorceress | 3 | |
| Gryphon Rider | 6 | |
| Knight | 3 | |
46 total
» upgrades
| Swords | 3 | |
| Plating | 1 | |
| Lumber Harvesting | 2 | |
| Sorceress Training | 1 | |
| Priest Training | 2 | |
| Storm Hammers | 1 | |
| Animal War Training | 1 | |
| Armor | 2 | |
13 total
» buildings
| Barracks | 1 | |
| Farm | 8 | |
| Altar of Kings | 1 | |
| Blacksmith | 1 | |
| Keep | 1 | |
| Lumber Mill | 1 | |
| Arcane Vault | 1 | |
| Town Hall | 3 | |
| Scout Tower | 11 | |
| Arcane Sanctum | 2 | |
| Castle | 1 | |
| Guard Tower | 7 | |
| Arcane Tower | 2 | |
| Gryphon Aviary | 2 | |
42 total
» build order
00:10 Barracks
00:14 Farm
00:22 Altar of Kings
00:52 Farm
01:48 Farm
02:37 Blacksmith
03:28 Keep
03:36 Farm
03:59 Lumber Mill
04:17 Farm
05:03 Arcane Vault
06:03 Town Hall
06:23 Town Hall
06:26 Scout Tower
06:41 Arcane Sanctum
07:07 Castle
07:19 Scout Tower
07:21 Guard Tower
08:00 Arcane Sanctum
08:10 Scout Tower
08:11 Arcane Tower
08:41 Guard Tower
08:43 Scout Tower
09:12 Guard Tower
09:40 Gryphon Aviary
11:03 Scout Tower
11:07 Scout Tower
11:47 Farm
12:16 Gryphon Aviary
12:26 Scout Tower
12:30 Scout Tower
12:36 Farm
12:59 Scout Tower
13:02 Scout Tower
13:04 Guard Tower
13:06 Guard Tower
13:26 Farm
13:42 Arcane Tower
13:44 Guard Tower
14:02 Scout Tower
14:40 Guard Tower
17:10 Town Hall
Dorisse (
blue | 25 APM | 460 actions | 18:04)
5 Crypt Lord
3 Carrion Beetles
1 Spiked Carapace
1 Impale
» actions
| Assign group hotkey | 7 | |
| Build / train | 45 | |
| Enter build submenu | 18 | |
| Enter hero's abilities submenu | 5 | |
| Right click | 133 | |
| Select / deselect | 130 | |
| Select group hotkey | 88 | |
| Use ability | 34 | |
460 total
» units
| Acolyte | 2 | |
| Ghoul | 3 | |
| Crypt Fiend | 8 | |
| Obsidian Statue | 5 | |
| Frost Wyrm | 2 | |
| Gargoyle | 2 | |
22 total
» upgrades
| Creature Attack | 3 | |
| Creature Carapace | 3 | |
| Burrow | 1 | |
| Web | 1 | |
| Destroyer Form | 1 | |
9 total
» buildings
| Ziggurat | 8 | |
| Crypt | 1 | |
| Altar of Darkness | 1 | |
| Graveyard | 2 | |
| Nerubian Tower | 1 | |
| Tomb of Relics | 1 | |
| Halls of the Dead | 1 | |
| Black Citadel | 1 | |
| Slaughterhouse | 1 | |
| Sacrificial Pit | 1 | |
| Boneyard | 2 | |
20 total
» build order
00:12 Ziggurat
00:13 Crypt
00:44 Altar of Darkness
01:12 Graveyard
01:16 Graveyard
01:19 Ziggurat
02:51 Nerubian Tower
02:54 Tomb of Relics
04:11 Halls of the Dead
05:07 Ziggurat
06:40 Black Citadel
06:43 Ziggurat
06:45 Slaughterhouse
06:59 Ziggurat
12:34 Sacrificial Pit
12:36 Ziggurat
12:41 Ziggurat
12:43 Ziggurat
14:17 Boneyard
14:21 Boneyard
» items
| Scroll of Protection | 2 | |
| Scroll of Healing | 2 | |
4 total
team 2 (loser)

»
REVENGE3 (
yellow | 57 APM | 1028 actions | 18:04)
4 Keeper of the Grove
2 Entangling Roots
2 Thorns Aura
2 Paladin
1 Divine Shield
1 Devotion Aura
» actions
| Basic commands | 1 | |
| Build / train | 94 | |
| Enter build submenu | 25 | |
| Enter hero's abilities submenu | 6 | |
| Right click | 435 | |
| Select / deselect | 397 | |
| Use ability | 69 | |
1028 total
» units
| Wisp | 27 | |
| Archer | 9 | |
| Hippogryph | 16 | |
| Rifleman | 7 | |
| Peasant | 11 | |
70 total
» upgrades
| Improved Bows | 1 | |
| Strength of the Wild | 2 | |
| Reinforced Hides | 2 | |
5 total
» buildings
| Moon Well | 6 | |
| Ancient of War | 1 | |
| Altar of Elders | 1 | |
| Ancient of Wonders | 1 | |
| Hunter's Hall | 1 | |
| Ancient Protector | 5 | |
| Tree of Ages | 1 | |
| Ancient of Wind | 2 | |
| Tree of Life | 1 | |
| Lumber Mill | 1 | |
| Scout Tower | 11 | |
| Farm | 2 | |
| Guard Tower | 2 | |
35 total
» build order
00:39 Moon Well
00:52 Ancient of War
01:10 Altar of Elders
01:34 Moon Well
02:12 Moon Well
02:20 Ancient of Wonders
03:12 Hunter's Hall
04:18 Ancient Protector
04:22 Ancient Protector
04:32 Ancient Protector
05:06 Tree of Ages
05:44 Ancient Protector
06:20 Moon Well
07:26 Moon Well
07:31 Ancient of Wind
07:35 Ancient of Wind
08:20 Moon Well
08:49 Tree of Life
13:25 Ancient Protector
14:55 Lumber Mill
15:02 Scout Tower
15:03 Scout Tower
15:03 Scout Tower
15:05 Scout Tower
15:06 Scout Tower
15:07 Scout Tower
15:31 Farm
15:33 Farm
15:36 Guard Tower
16:22 Guard Tower
16:25 Scout Tower
16:25 Scout Tower
16:27 Scout Tower
16:27 Scout Tower
16:28 Scout Tower
» items
| Scroll of Regeneration | 2 | |
| Lesser Clarity Potion | 1 | |
| Scroll of Town Portal | 3 | |
| Potion of Healing | 1 | |
7 total

»
Up2skY (
pink | 65 APM | 779 actions | 11:56)
3 Mountain King
2 Storm Bolt
1 Bash
» actions
| Assign group hotkey | 16 | |
| Basic commands | 5 | |
| Build / train | 55 | |
| Enter build submenu | 30 | |
| Enter hero's abilities submenu | 3 | |
| Right click | 350 | |
| Select / deselect | 159 | |
| Select group hotkey | 121 | |
| Use ability | 40 | |
779 total
» units
» upgrades
| Gunpowder | 1 | |
| Armor | 1 | |
| Masonry | 1 | |
| Long Rifles | 1 | |
4 total
» buildings
| Blacksmith | 1 | |
| Farm | 5 | |
| Barracks | 2 | |
| Altar of Kings | 1 | |
| Scout Tower | 8 | |
| Arcane Vault | 1 | |
| Arcane Tower | 4 | |
| Lumber Mill | 1 | |
| Town Hall | 1 | |
| Guard Tower | 5 | |
| Keep | 1 | |
| Gryphon Aviary | 2 | |
32 total
» build order
01:04 Blacksmith
01:19 Farm
01:23 Barracks
01:37 Barracks
01:58 Farm
02:13 Altar of Kings
02:28 Scout Tower
03:02 Farm
03:41 Farm
03:48 Arcane Vault
04:09 Arcane Tower
04:10 Arcane Tower
04:10 Arcane Tower
04:29 Scout Tower
04:32 Lumber Mill
05:02 Farm
05:34 Town Hall
06:38 Guard Tower
07:12 Scout Tower
07:15 Scout Tower
07:50 Scout Tower
07:51 Arcane Tower
08:32 Scout Tower
08:33 Guard Tower
08:37 Keep
09:13 Scout Tower
09:14 Guard Tower
09:53 Scout Tower
09:54 Guard Tower
11:08 Gryphon Aviary
11:10 Gryphon Aviary
11:17 Guard Tower
» items
| Scroll of Regeneration | 2 | |
| Lesser Clarity Potion | 1 | |
| Scroll of Town Portal | 1 | |
| Boots of Speed | 1 | |
| Scroll of Healing | 1 | |
6 total
HereToKickAss (
teal | 27 APM | 486 actions | 18:04)
» actions
| Basic commands | 91 | |
| Build / train | 35 | |
| Enter build submenu | 36 | |
| Right click | 75 | |
| Select / deselect | 138 | |
| Use ability | 111 | |
486 total
» units
» upgrades
| Masonry | 2 | |
| Lumber Harvesting | 1 | |
3 total
» buildings
| Lumber Mill | 1 | |
| Scout Tower | 37 | |
| Guard Tower | 18 | |
| Arcane Tower | 1 | |
| Arcane Vault | 1 | |
| Keep | 1 | |
| Altar of Kings | 1 | |
| Castle | 1 | |
61 total
» build order
00:09 Lumber Mill
01:42 Scout Tower
01:43 Scout Tower
01:45 Scout Tower
01:47 Scout Tower
01:48 Scout Tower
01:57 Scout Tower
02:00 Scout Tower
02:02 Scout Tower
02:05 Scout Tower
02:07 Scout Tower
02:24 Scout Tower
02:33 Guard Tower
02:46 Guard Tower
03:06 Arcane Tower
03:17 Guard Tower
03:25 Guard Tower
03:35 Guard Tower
03:45 Guard Tower
03:53 Guard Tower
04:02 Guard Tower
04:15 Guard Tower
04:29 Guard Tower
04:54 Scout Tower
05:03 Scout Tower
05:29 Arcane Vault
05:33 Guard Tower
05:41 Guard Tower
05:51 Scout Tower
05:52 Scout Tower
05:53 Scout Tower
05:54 Scout Tower
06:34 Keep
07:01 Guard Tower
07:07 Guard Tower
07:19 Guard Tower
10:47 Altar of Kings
11:39 Scout Tower
11:42 Scout Tower
11:44 Scout Tower
11:45 Scout Tower
11:48 Scout Tower
11:49 Scout Tower
11:51 Scout Tower
11:53 Scout Tower
11:55 Scout Tower
11:56 Scout Tower
11:57 Scout Tower
11:59 Scout Tower
11:59 Scout Tower
12:01 Scout Tower
12:28 Castle
12:38 Guard Tower
14:26 Guard Tower
15:48 Scout Tower
15:49 Scout Tower
15:51 Scout Tower
15:51 Scout Tower
15:54 Scout Tower
15:56 Scout Tower
17:21 Guard Tower
jiiraya (
purple | 43 APM | 615 actions | 14:15)
4 Archmage
1 Summon Water Elemental
2 Blizzard
1 Brilliance Aura
1 Mountain King
1 Storm Bolt
» actions
| Basic commands | 17 | |
| Build / train | 55 | |
| Enter build submenu | 23 | |
| Enter hero's abilities submenu | 5 | |
| Right click | 232 | |
| Select / deselect | 234 | |
| Use ability | 49 | |
615 total
» units
| Peasant | 20 | |
| Footman | 4 | |
| Rifleman | 4 | |
28 total
» upgrades
| Masonry | 1 | |
| Gunpowder | 1 | |
| Armor | 1 | |
| Lumber Harvesting | 1 | |
4 total
» buildings
| Altar of Kings | 2 | |
| Barracks | 2 | |
| Farm | 7 | |
| Arcane Vault | 1 | |
| Lumber Mill | 2 | |
| Town Hall | 1 | |
| Blacksmith | 1 | |
| Scout Tower | 7 | |
| Arcane Tower | 3 | |
| Keep | 1 | |
| Guard Tower | 1 | |
| Castle | 1 | |
29 total
» build order
00:30 Altar of Kings
00:33 Altar of Kings
00:36 Barracks
00:39 Farm
01:21 Farm
02:03 Farm
02:18 Arcane Vault
02:52 Lumber Mill
03:58 Farm
04:28 Town Hall
04:55 Blacksmith
06:03 Scout Tower
06:15 Barracks
07:15 Arcane Tower
07:18 Farm
07:21 Farm
07:25 Keep
07:41 Scout Tower
08:02 Scout Tower
10:15 Arcane Tower
10:16 Guard Tower
10:20 Scout Tower
10:36 Scout Tower
10:38 Scout Tower
10:39 Castle
10:47 Lumber Mill
10:52 Scout Tower
11:30 Arcane Tower
11:45 Farm
» items
| Scroll of Regeneration | 3 | |
| Lesser Clarity Potion | 1 | |
| Mechanical Critter | 2 | |
| Potion of Healing | 2 | |
| Scroll of Town Portal | 2 | |
10 total
Chat log
(00:13 / Allies) REVENGE3: HI
(00:16 / Allies) jiiraya: ho
(01:51 / All) jiiraya: noob
(02:39 / Allies) jiiraya: blue noob
(02:40 / Allies) jiiraya: 3v4
(03:21 / Allies) REVENGE3: built all tower in base
(03:24 / Allies) REVENGE3: we 3 vs 4
(05:23 / Allies) REVENGE3: teal built shop plese
(05:24 / Allies) REVENGE3: and units..
(06:24 / All) jiiraya: lol
(07:21 / Allies) REVENGE3: ?
(07:22 / Allies) jiiraya: ty
(10:02 / Allies) REVENGE3: gold plese?
(10:12 / Allies) REVENGE3: gold???
(10:15 / Allies) REVENGE3: purple give me plese
(10:25 / Allies) REVENGE3: teal give me gold
(11:09 / All) kapex: he didnt thnk that trhu lol
(11:11 / Allies) jiiraya: wood?
(11:51 / All) REVENGE3: plese noob ally
(12:13 / Allies) jiiraya: its over
(12:15 / Allies) jiiraya: 2v4
(12:16 / All) REVENGE3: pufff
(12:21 / All) REVENGE3: plese look teal.
(12:32 / All) HereToKickAss: team is whiny babies
(12:37 / All) kapex: that was embarassing to pink
(12:56 / Allies) HereToKickAss: you're not getting out alive
(13:08 / Allies) REVENGE3: teal why play?
(13:47 / All) HereToKickAss: LOCK THE DOOR
(13:49 / All) HereToKickAss: KILL THE LIGHTS
(13:52 / All) HereToKickAss: NO ONES GOING
(13:54 / All) HereToKickAss: HOME TONIGHT!
(14:46 / All) HereToKickAss: IT'S GETTING COLDER
(14:48 / All) HereToKickAss: IT'S
(14:50 / All) HereToKickAss: GETTING COLDER
(14:51 / All) HereToKickAss: IT'S
(14:53 / All) HereToKickAss: GETTING COLDER
(15:01 / All) HereToKickAss: LOCKED IN A PLACE WHERE NO ONE GOOOOEEEESSSS
(16:09 / All) REVENGE3: look teal :)
(16:38 / All) REVENGE3: hahahahha teal
(16:40 / All) REVENGE3: NOOB
(17:31 / All) REVENGE3: what noob teal
(17:53 / All) kapex: LO
(17:57 / Allies) REVENGE3: y un basura
(18:03 / All) HereToKickAss: gg had a noob team